 Dungeon Crawl Stone Soup version 0.24-a0-201-gf205589 (webtiles) character file.

Game seed: 10418040742766163861

184 Borgoz the Skirmisher (level 5, -2/46 HPs)
             Began as a Ghoul Monk on Mar 24, 2019.
             Killed from afar by an orc wizard (11 damage)
             ... with a magic dart
             ... on level 3 of the Dungeon.
             The game lasted 00:05:48 (1884 turns).

Borgoz the Skirmisher (Ghoul Monk)                  Turns: 1884, Time: 00:05:49

Health: -2/46      AC:  4    Str: 15    XL:     5   Next: 63%
Magic:  4/4        EV: 18    Int:  6    God:
Gold:   144        SH:  0    Dex: 16    Spells: 4/4 levels left

rFire    + . .     SeeInvis .   a - +0 short sword
rCold    + + .     Gourm    .   (no shield)
rNeg     + + +     Faith    .   g - +0 leather armour
rPois    ∞         Spirit   .   (no helmet)
rElec    +         Reflect  .   (no cloak)
rCorr    +         Harm     .   (no gloves)
MR       .....                  m - +0 pair of boots
Stlth    +++.......             i - amulet of the acrobat
HPRegen  0.00/turn              (no ring)
MPRegen  0.09/turn              (no ring)

@: agile, resistant, rotting, slowed, very slow
A: rotting body, claws 1, carnivore, cold resistance 1, negative energy
resistance 3, inhibited regeneration, torment resistance, unbreathing
a: no special abilities


You were on level 3 of the Dungeon.
You were not hungry.

You visited 1 branch of the dungeon, and saw 3 of its levels.

You collected 144 gold pieces.

Inventory:

Hand Weapons
 a - a +0 short sword (weapon)
Armour
 g - a +0 leather armour (worn)
 m - a +0 pair of boots (worn)
Jewellery
 d - an uncursed ring of flight
 i - an amulet of the acrobat (around neck)
 q - a +3 amulet of reflection
Scrolls
 e - 4 scrolls of identify
 n - a scroll of remove curse
 p - a scroll of fog
Potions
 j - a potion of ambrosia {unknown}
 k - 2 potions of curing
 o - a potion of brilliance {unknown}
Comestibles
 c - 3 rations


   Skills:
 + Level 3.9 Fighting
 * Level 3.4 Short Blades
 + Level 1.5 Throwing
 * Level 2.0 Armour
 * Level 3.4 Dodging
 + Level 2.8 Stealth


You had 4 spell levels left.
You didn't know any spells.
Your spell library was empty.

Dungeon Overview and Level Annotations

Branches:
Dungeon (3/15)

Altars:
Nemelex Xobeh
Vehumet
Wu Jian
The Shining One

Annotations:
D:3 Sigmund


Innate Abilities, Weirdness & Mutations

Your body is rotting away.
You thrive on raw meat.
You are immune to poison.
You have sharp fingernails.
You are carnivorous and can eat meat at any time.
Your flesh is cold resistant. (rC+)
You are immune to negative energy. (rN+++)
You do not regenerate when monsters are visible.
You are immune to unholy pain and torment.
You can survive without breathing.


Message History

You feel yourself slow down.
The orc wizard hits you with a +0 dagger.
* * * LOW HITPOINT WARNING * * *
The orc wizard completely misses you.
Okay, then.
You barely miss the orc wizard. The orc wizard closely misses you.
Something hits you.
* * * LOW HITPOINT WARNING * * *
The orc wizard misses you.
You hit the orc wizard but do no damage.
The orc wizard hits you but does no damage.
The orc barely misses you.
The orc wizard hits you but does no damage.
Something hits you.
* * * LOW HITPOINT WARNING * * *
You hit the orc wizard.
The orc wizard is moderately wounded.
The orc wizard casts a spell at you. The magic dart hits you!
You die...

#§..#*,,,,,,,,*,****##
#.§§#*,,.....,,,,,,,..
#{§o#*,,.....*,,,,,,..
#§§o#*##.........**...
#§§§#*...........##...
#§§§#*...........#....
#.§o##....##..........
##o{o.....##..........
#..o@#...............
#....................
#....................
#....................
##.....#..............
#.............#'####..
#...............# #..
#.........#.....# ###
#.........#.....# #


You could see 3 orc wizards and an orc.

Vanquished Creatures
  A bullfrog (D:3)
  3 adders
  2 oozes (D:2)
  A worm (D:3)
  3 dart slugs
  2 leopard geckos (D:3)
  An orc (D:2)
  2 ball pythons
  6 giant cockroaches
  14 goblins
  4 hobgoblins
  4 jackals (D:2)
  4 kobolds
  2 quokkas
  7 bats
  6 frilled lizards
  13 rats
75 creatures vanquished.

Notes
Turn   | Place    | Note
-------+----------+-------------------------------------------
     0 | D:1      | Borgoz the Ghoul Monk began the quest for the Orb.
     0 | D:1      | Reached XP level 1. HP: 19/19 MP: 0/0
    81 | D:1      | Reached XP level 2. HP: 19/26 MP: 1/1
   373 | D:1      | Reached XP level 3. HP: 29/31 MP: 2/2
   687 | D:1      | Reached skill level 1 in Armour
   746 | D:2      | Reached skill level 1 in Throwing
   827 | D:2      | Found a glowing golden altar of the Shining One.
   837 | D:2      | Found a sparkling altar of Nemelex Xobeh.
   871 | D:2      | Found an ornate altar of the Wu Jian Council.
   874 | D:2      | Found a radiant altar of Vehumet.
   990 | D:2      | Reached XP level 4. HP: 36/38 MP: 3/3
  1367 | D:2      | Found a sparkling altar of Nemelex Xobeh.
  1679 | D:3      | Reached XP level 5. HP: 21/46 MP: 4/4
  1868 | D:3      | Noticed Sigmund
  1884 | D:3      | Killed from afar by an orc wizard

Levels and vault maps discovered:
D:1:      scummos_arrival_star, layout_basic
D:2:      layout_basic, grunt_temple_overflow_open, nemelex_dance_club_becter
D:3:      layout_basic, first_ration, kennysheep_boxes, uniq_sigmund

Skill      XL: |  1  2  3  4  5 |
---------------+----------------+-----
Short Blades   | 3 |  3.4
Armour         | 1 2 |  2.0
Dodging        | 3 |  3.4
Throwing       | 1 |  1.5
Fighting       | |  3.9
Stealth        | |  2.8

Action                   |  1- 3 |  4- 6 || total
-------------------------+-------+-------++-------
Melee: Short sword       |   143 |   118 ||   261
  Use: Scroll            |       |     4 ||     4
       Potion            |       |     2 ||     2
 Stab: Sleeping          |     3 |     5 ||     8
       Distracted        |     1 |       ||     1
  Eat: Chunk             |     3 |    10 ||    13
Armor: Leather armour    |    45 |    21 ||    66
Dodge: Dodged            |   116 |    94 ||   210

Table legend:
 A = Non-vault XP
 B = Vault XP
 C = Vault XP percentage of total XP
 D = Non-vault monster count
 E = Vault monster count
 F = Vault count percentage of total count
                 A         B        C        D         E       F
            +---------+---------+-------+---------+---------+-------
      Total |     253 |      10 |   3.8 |      73 |       2 |   2.7
            +---------+---------+-------+---------+---------+-------
        D:1 |      49 |       0 |   0.0 |      31 |       0 |   0.0
        D:2 |      67 |      10 |  13.0 |      22 |       2 |   8.3
        D:3 |     137 |       0 |   0.0 |      20 |       0 |   0.0
            +---------+---------+-------+---------+---------+-------
